 Dungeon Crawl Stone Soup version 0.29.0-13-gc9e81de378 (webtiles) character file.

Game seed: 5298357135075329726

139649 anonim the Thaumaturge (level 16, -8/134 HPs)
             Began as a Green Draconian Earth Elementalist on Sept 10, 2022.
             Was an Initiate of Gozag.
             Hit by a javelin thrown by a merfolk javelineer (9 damage)
             ... on level 1 of the Shoals.
             The game lasted 02:00:25 (44366 turns).

anonim the Thaumaturge (DrEE)                      Turns: 44366, Time: 02:00:25

Health: -8/134     AC: 20    Str:  5    XL:     16   Next: 74%
Magic:  3/34       EV: 13    Int: 37    God:    Gozag
Gold:   2403       SH: 16    Dex:  8    Spells: 1/44 levels left

rFire   . . .      SeeInvis .   L - staff of conjuration
rCold   . . .      Faith    .   H - +6 buckler "Puozeaw" {rPois rN++ Str-3}
rNeg    + + +      Spirit   .   (body armour unavailable)
rPois   +          Reflect  +   D - +5 hat of Dikyacw {+Inv rN+++ Str-5 Dex-3}
rElec   .          Harm     .   (no cloak)
rCorr   +          Rampage  .   k - +2 pair of gloves
Will    +++..                   F - +2 pair of boots
Stlth   +.........              T - amulet of the Solemn Peach {Reflect Int+9 SH+5}
HPRegen 0.32/turn               S - ring of willpower
MPRegen 0.24/turn               s - ring "Giluog" {Drain Will+ rCorr Int+6 Slay+2}

@: gold aura, very slightly contaminated
A: breathe noxious fumes, AC +9, unfitting armour, stinger 1, poison resistance,
cold-blooded
a: Breathe Noxious Fumes, Renounce Religion, Evoke Invisibility, Potion
Petition, Call Merchant, Bribe Branch


You were on level 1 of the Shoals.
You worshipped Gozag.
Gozag was most pleased with you.
You visited 5 branches of the dungeon, and saw 25 of its levels.
You visited 1 bazaar.

You collected 9854 gold pieces.
You spent 3022 gold pieces at shops.
You paid 4429 gold pieces to Gozag.

Inventory:

Hand Weapons
 b - the +9 spear "Heforhaf" {venom, Drain rElec rPois Will+}
   (You took it off a centaur warrior on level 12 of the Dungeon)

   It poisons the flesh of those it strikes.
   rElec:     It insulates you from electricity.
   rPois:     It protects you from poison.
   Drain:     It drains your maximum health when unequipped.
   Will:      It increases your willpower.
Missiles
 B - 2 curare-tipped darts
Armour
 k - a +2 pair of gloves (worn)
 D - the +5 hat of Dikyacw (worn) {+Inv rN+++ Str-5 Dex-3}
   (You acquired it on level 12 of the Dungeon)

   Str:       It affects your strength (-5).
   Dex:       It affects your dexterity (-3).
   rN:        It renders you almost immune to negative energy.
   +Inv:      It lets you turn invisible.
 F - a +2 pair of boots (worn)
 H - the +6 buckler "Puozeaw" (worn) {rPois rN++ Str-3}
   (You acquired it on level 2 of the Lair of Beasts)

   Str:       It affects your strength (-3).
   rPois:     It protects you from poison.
   rN:        It greatly protects you from negative energy.
Magical Staves
 L - a staff of conjuration (weapon)
Jewellery
 s - the ring "Giluog" (right hand) {Drain Will+ rCorr Int+6 Slay+2}
   (You bought it in a shop on level 2 of the Orcish Mines)

   [ring of intelligence]

   Int:       It affects your intelligence (+6).
   Slay:      It affects your accuracy & damage with ranged weapons and melee
   (+2).
   rCorr:     It protects you from acid and corrosion.
   Drain:     It drains your maximum health when unequipped.
   Will:      It increases your willpower.
 x - a ring of see invisible
 S - a ring of willpower (left hand)
 T - the amulet of the Solemn Peach (around neck) {Reflect Int+9 SH+5}
   (You bought it in a shop on level 2 of the Orcish Mines)

   [amulet of reflection]

   It reflects blocked missile attacks.
   Int:       It affects your intelligence (+9).
   SH:        It affects your SH (+5).
Wands
 v - a wand of iceblast (15)
 y - a wand of polymorph (23)
 I - a wand of flame (46)
 O - a wand of charming (8)
 R - a wand of light (4)
Scrolls
 a - 7 scrolls of enchant weapon
 e - 9 scrolls of vulnerability
 j - 3 scrolls of enchant armour
 m - a scroll of summoning
 p - a scroll of silence
 r - 5 scrolls of identify
 t - 8 scrolls of teleportation
 z - a scroll of blinking
 E - 4 scrolls of amnesia
 J - 3 scrolls of immolation
 M - 3 scrolls of butterflies
 P - a scroll of poison
Potions
 c - a potion of magic
 d - 6 potions of might
 g - a potion of berserk rage
 h - 4 potions of haste
 i - 6 potions of lignification
 l - 2 potions of cancellation
 n - 4 potions of brilliance
 o - 4 potions of attraction
 q - 10 potions of curing
 u - 2 potions of flight
 w - a potion of heal wounds
 C - 5 potions of mutation
 K - 2 potions of invisibility
 Q - a potion of ambrosia
Miscellaneous
 A - a tin of tremorstones (1/2)
 G - a condenser vane (inert)
 N - a phial of floods
 U - a box of beasts


   Skills:
 - Level 10.2 Fighting
 - Level 8.0 Dodging
 - Level 1.7 Stealth
 - Level 8.0 Shields
 - Level 14.5 Spellcasting
 - Level 12.0 Conjurations
 + Level 8.3 Summonings
 + Level 9.5 Transmutations
 - Level 10.0 Air Magic
 - Level 12.0 Earth Magic


You had one spell level left.
You knew the following spells:

 Your Spells              Type           Power      Damage    Failure   Level
a - Airstrike             Air            39%        2d(6-22)  1%          4
c - Summon Lightning Spi  Summ/Air       76%        N/A       1%          4
d - Stone Arrow           Conj/Erth      100%       3d13      1%          3
e - Passwall              Tmut/Erth      68%        N/A       1%          2
f - Iron Shot             Conj/Erth      53%        9d10      1%          6
g - Spellforged Servitor  Conj/Summ      50%        N/A       22%         7
j - Static Discharge      Conj/Air       100%       3-16/arc  1%          2
k - Lightning Bolt        Conj/Air       52%        1d73      1%          5
l - Iskenderun's Battles  Conj           100%       2d15      1%          5
v - Irradiate             Conj/Tmut      51%        3d28      1%          5

Your spell library contained the following spells:

 Spells                   Type           Power      Damage    Failure   Level
 Magic Dart               Conj           100%       1d8       0%          1
 Sandblast                Erth           100%       2d20      0%          1
 Call Imp                 Summ           73%        N/A       1%          2
 Mephitic Cloud           Conj/Pois/Air  88%        N/A       1%          3
 Petrify                  Tmut/Erth      82%        N/A       1%          4
 Sticky Flame             Conj/Fire      82%        2d9       1%          4
 Sublimation of Blood     Necr           26%        N/A       2%          2
 Inner Flame              Hex/Fire       26%        N/A       4%          3
 Cause Fear               Hex            13%        N/A       17%         4
 Dispel Undead            Necr           26%        3d13      17%         4
 Discord                  Hex            13%        N/A       100%        8


Dungeon Overview and Level Annotations

Branches:
Dungeon (15/15) Zot: 21143  Temple (1/1) D:5 Zot: 5716    Lair (5/5) D:11 Zot: 20096
 Shoals (2/4) Lair:2 Zot: 11885  Spider (0/4) Lair:2        Slime (0/5) Lair:4
    Orc (2/2) D:11 Zot: 8903     Elf (0/3) Orc:2        Vaults (0/5) D:14
 Depths (0/4) D:15

Altars:
Ashenzari
Cheibriados
Dithmenos
Elyvilon
Fedhas
Gozag
Hepliaklqana
Kikubaaqudgha
Makhleb
Nemelex Xobeh
Okawaru
Qazlal
Ru
Sif Muna
Trog
Uskayaw
Vehumet
Wu Jian
Xom
Yredelemnul
Zin
The Shining One

Shops:
D:2 [   D:11 [[   Orc:1 (   Orc:2 =[(=*(*=[

Annotations:
D:3 1 runed translucent door, SlaveLabor's ghost, weakling GrFi
D:6 3 exclusions
D:7 2 transporters, sentinel's ghost, amateur MeEE
Shoals:1 Nikola
Shoals:2 Jorgrun


Innate Abilities, Weirdness & Mutations

You can breathe blasts of noxious fumes.
Your lurid green scales are hard. (AC +9)
You cannot fit into any form of body armour.
Your tail ends in a venomous barb.
Your system is resistant to poisons. (rPois)
You are cold-blooded and may be slowed by cold attacks.


Message History

Your butterfly disappears in a burst of colours!
The bolt of lightning hits your butterfly!!
Your butterfly dies!
Your butterfly disappears in a burst of colours!
The bolt of lightning hits your butterfly!!
Your butterfly dies!
Your butterfly disappears in a burst of colours!
The bolt of lightning hits the harpy!!
The bolt of lightning hits the merfolk impaler!!
The merfolk impaler dies!
The bolt of lightning hits your butterfly!!
Your butterfly dies!
Your butterfly disappears in a burst of colours!
The bolt of lightning hits the merfolk!!
The bolt of lightning hits your spellforged servitor!
Your spellforged servitor resists.
A bolt of lightning appears from out of thin air!
The bolt of lightning hits your butterfly!
Your butterfly dies!
Your butterfly disappears in a burst of colours!
The harpy screeches!
You hear a shout!
You hear an angry hiss.
You feel much better.
Your surroundings suddenly seem different.
The merfolk javelineer throws a javelin.
The javelin barely misses you.
The merfolk javelineer throws a javelin.
The javelin pierces through you!
* * * LOW HITPOINT WARNING * * *
Blink to where?
Press: ? - help, Dir - move target A merfolk comes into view.
It is wielding a +0 trident.
As you read the scroll of blinking, it crumbles to dust.
The merfolk javelineer shouts!
The merfolk javelineer throws a javelin.
The javelin pierces through you!
* * * LOW HITPOINT WARNING * * *
The merfolk javelineer throws a javelin.
The javelin pierces through you!
You die...
Your body crumbles into a pile of gold.

~~.##....#.....#.~≈≈# PP
~~~..≈..§.#.....# .≈~.
~~~..#....#..$..#..$.......
~~~.....m.m..$..#.......~..
~~~...m.^.......#......~~~~
~~~........$..$$.!...~~~~~~
~~~..........$.....~~~mb~~~
~~..........$.$$..~~~~~~~≈
~~~.........@$..$~~≈b≈≈≈≈≈
......$.$.$~~~≈≈≈≈≈≈≈
~...$$.$~.$..~m≈≈≈≈≈≈
....~..$......$≈≈≈≈≈≈
....~~..!.###..~≈≈≈≈≈
..~~..##### #..~≈≈≈≈≈
~..~.# #.~~≈b≈≈≈ ~~...
#.~~≈≈≈≈≈ #.~~≈≈≈≈~


You could see a merfolk impaler (wandering), 2 merfolk javelineers and a merfolk
(wandering).

Vanquished Creatures
  Frances (D:12)
  Gastronok (D:12)
  A tengu reaver (D:15)
  A storm dragon (D:15)
  An orc warlord (Orc:2)
  A frost giant (D:15)
  The ghost of Uvvog the Reanimator, a journeyman GnNe of Gozag (D:12)
  Snorg (Lair:4)
  A merfolk javelineer (Shoals:1)
  An ettin (Orc:2)
  A fire dragon (D:15)
  A rakshasa (D:15)
  A merfolk impaler (Shoals:1)
  A deep elf high priest (D:15)
  An ice dragon (D:14)
  10 boulder beetles
  The ghost of x1te the Destroyer, a novice OgCj of Fedhas (Lair:1)
  4 ogre magi
  19 centaur warriors
  5 catoblepae
  10 hydras
  A satyr (Shoals:2)
  3 death knights
  A satyr (shapeshifter) (D:15)
  5 tengu warriors
  5 death yaks
  5 two-headed ogres
  Nergalle (D:12)
  3 orc high priests
  8 skeletal warriors
  A fire crab (shapeshifter) (D:15)
  An orb spider (shapeshifter) (D:15)
  2 wizards (D:15)
  A phantasmal warrior (D:15)
  A deep elf archer (D:14)
  2 deep elf zephyrmancers (D:14)
  A necromancer (D:15)
  7 harpies
  8 deep elf pyromancers
  5 orc knights
  3 orc sorcerers (Orc:2)
  3 fauns (Shoals:1)
  7 ugly things
  4 cyclopes
  10 manticores
  A spectral centaur (D:12)
  A guardian serpent (shapeshifter) (D:15)
  11 elephants
  2 merfolk sirens
  4 black mambas
  A water nymph (Shoals:1)
  6 cane toads
  2 gargoyles (D:14)
  A cane toad (shapeshifter) (D:15)
  A torpor snail (Lair:3)
  2 unseen horrors
  6 centaur skeletons
  2 efreet
  3 kobold demonologists
  A rime drake (Lair:4)
  4 tengu conjurers
  4 komodo dragons
  7 freezing wraiths (D:15)
  6 yaktaurs
  Maggie (D:6)
  A merfolk (Shoals:1)
  5 trolls
  5 meliai
  13 slime creatures
  12 dream sheep
  Sigmund (D:4)
  3 wraiths
  2 centaur simulacra
  2 vampires
  2 shadows
  60 yaks
  8 wyverns
  7 basilisks
  A steam dragon (D:8)
  A redback (D:15)
  7 wargs
  6 vampire mosquitoes
  An acid dragon (D:12)
  7 water moccasins
  4 black bears
  3 ice beasts
  A sky beast (D:6)
  47 orc warriors
  3 boggarts
  18 centaurs
  7 ogres
  4 wolves
  5 kobold brigands
  Blork the orc (D:4)
  A necrophage (D:8)
  16 bullfrogs
  3 gnoll sergeants
  3 scorpions
  11 wights
  4 killer bees
  A vampire bat (D:11)
  6 howler monkeys
  3 hounds
  A jelly (D:4)
  25 orc priests
  5 iguanas
  36 orc wizards
  5 hell rats (Lair:3)
  A scorpion zombie (D:4)
  2 boggart skeletons (D:14)
  A hound zombie (D:4)
  21 gnolls
  7 adders
  2 river rats (Lair:3)
  A shadow imp (D:5)
  3 white imps
  2 adder zombies (D:4)
  A worm (shapeshifter) (D:15)
  4 dart slugs
  104 orcs
  5 ball pythons
  7 endoplasms
  4 giant cockroaches
  5 hobgoblins
  19 kobolds
  2 quokkas
  11 bats
  4 frilled lizards
  10 goblins
  12 rats
803 creatures vanquished.

Vanquished Creatures (collateral kills)
  2 merfolk impalers (Shoals:1)
  A catoblepas (D:15)
  A centaur warrior (D:15)
  A harpy (Shoals:1)
  A cyclops (D:15)
  2 merfolk (Shoals:1)
  A yak (Lair:2)
  A boggart (D:15)
  2 orcs (D:5)
12 creatures vanquished.

Vanquished Creatures (others)
  A merfolk impaler (Shoals:1)
  A harpy (Shoals:1)
  A merfolk siren (Shoals:1)
  A wolf spider simulacrum (D:15)
  A yak (Lair:2)
  A water moccasin (Lair:5)
  A killer bee (D:8)
  27 fungi
  45 plants
79 creatures vanquished.

Grand Total: 894 creatures vanquished

Notes
Turn   | Place    | Note
-------+----------+-------------------------------------------
     0 | D:1      | anonim the Draconian Earth Elementalist began the quest for
                  | the Orb.
     0 | D:1      | Reached XP level 1. HP: 14/14 MP: 3/3
   409 | D:1      | Reached XP level 2. HP: 20/20 MP: 3/5
   435 | D:1      | Learned a level 2 spell: Passwall
   564 | D:1      | Reached skill level 3 in Spellcasting
  1001 | D:2      | Reached XP level 3. HP: 26/26 MP: 7/7
  1005 | D:2      | Learned a level 3 spell: Stone Arrow
  1013 | D:2      | You fall into a shaft and drop 2 floors!
  1034 | D:4      | Reached skill level 4 in Spellcasting
  1078 | D:3      | Reached XP level 4. HP: 28/33 MP: 1/10
  1330 | D:2      | Found Zotifioxi's Antique Armour Emporium.
  1413 | D:2      | Found a faded altar of an unknown god.
  1601 | D:2      | Found a sacrificial altar of Ru.
  2098 | D:3      | Noticed a black bear
  2105 | D:3      | Killed a black bear
  2106 | D:3      | Reached skill level 5 in Earth Magic
  2106 | D:3      | Reached skill level 1 in Conjurations
  2106 | D:3      | Reached XP level 5. HP: 14/38 MP: 4/11
  2308 | D:3      | Found a runed translucent door.
  2482 | D:3      | Noticed SlaveLabor's ghost (weakling GrFi)
  2509 | D:3      | Identified the +11 scale mail of Fyp Ympe {-Cast rF+++
                  | rCorr}
  3068 | D:4      | Noticed Sigmund
  3193 | D:5      | Entered Level 5 of the Dungeon
  3253 | D:5      | Noticed a black bear
  3255 | D:5      | Killed a black bear
  3256 | D:5      | Reached XP level 6. HP: 45/45 MP: 7/12
  3393 | D:5      | Noticed an orc warrior
  3421 | D:5      | Killed an orc warrior
  3642 | D:5      | Found a staircase to the Ecumenical Temple.
  3655 | Temple   | Entered the Ecumenical Temple
  3896 | Temple   | Became a worshipper of Gozag Ym Sagoz the Greedy
  4075 | D:5      | Found a faded altar of an unknown god.
  4076 | D:5      | Found a hazy altar of Hepliaklqana.
  4094 | D:5      | Your scales start taking on a lurid green colour.
  4094 | D:5      | Reached XP level 7. HP: 37/49 MP: 1/13
  4094 | D:5      | Gained mutation: Your system is resistant to poisons.
                  | (rPois) [Green Draconian growth]
  4224 | D:5      | Found a broken altar of Ashenzari.
  4260 | D:5      | Reached skill level 5 in Conjurations
  4267 | D:5      | Learned a level 4 spell: Petrify
  4974 | D:5      | Reached skill level 5 in Transmutations
  4996 | D:5      | Reached XP level 8. HP: 57/57 MP: 4/14
  5335 | D:5      | Found an ancient bone altar of Kikubaaqudgha.
  6300 | D:6      | Reached skill level 5 in Spellcasting
  6582 | D:6      | Found a sacrificial altar of Ru.
  6982 | D:6      | Reached XP level 9. HP: 62/62 MP: 12/16
  7088 | D:6      | Noticed Maggie
  7101 | D:6      | Killed Maggie
  7597 | D:4      | Noticed Blork the orc
  7602 | D:4      | Killed Blork the orc
  8160 | D:4      | Found a basalt altar of Yredelemnul.
  8412 | D:4      | Reached skill level 1 in Fighting
  8413 | D:4      | Killed Sigmund
  9606 | D:7      | Identified the +1 buckler of Mughohoi {rPois Will+ MP+9
                  | Int-5}
 10079 | D:7      | Found a transporter.
 10080 | D:7      | Found a transporter.
 10238 | D:7      | Identified the ring "Egryadd" {*Slow rElec Str+4 Dex+6}
 10462 | D:7      | Noticed sentinel's ghost (amateur MeEE)
 10627 | D:8      | Reached XP level 10. HP: 78/78 MP: 10/17
 11994 | D:8      | Identified a scroll of acquirement
 11995 | D:8      | Acquired a staff of conjuration
 13276 | D:10     | Entered Level 10 of the Dungeon
 13399 | D:10     | Reached skill level 5 in Fighting
 13434 | D:10     | Noticed a two-headed ogre
 13889 | D:10     | Killed a two-headed ogre
 13890 | D:10     | Reached skill level 6 in Spellcasting
 14217 | D:10     | Reached skill level 7 in Spellcasting
 14788 | D:11     | Found Ezux's Antique Armour Shoppe.
 14799 | D:11     | Bought a pair of runed boots for 217 gold pieces
 15264 | D:11     | Reached skill level 8 in Spellcasting
 15472 | D:11     | Found Punwolah's Antique Armour Shoppe.
 15475 | D:11     | Bought a pair of glowing gloves for 285 gold pieces
 15475 | D:11     | Bought a runed buckler for 285 gold pieces
 15505 | D:11     | Reached skill level 1 in Shields
 15744 | D:11     | Noticed a red ugly thing
 15769 | D:11     | Killed a red ugly thing
 15770 | D:11     | Reached XP level 11. HP: 66/86 MP: 7/23
 16009 | D:11     | Found a staircase to the Orcish Mines.
 16223 | D:11     | Found a staircase to the Lair.
 16554 | D:11     | Noticed a boulder beetle
 16560 | D:11     | Killed a boulder beetle
 16561 | D:11     | Reached skill level 9 in Spellcasting
 16737 | D:12     | Noticed a two-headed ogre
 16737 | D:12     | Noticed a centaur warrior
 16795 | Lair:1   | Entered Level 1 of the Lair of Beasts
 16908 | Lair:1   | Found a runed translucent gate.
 16910 | Lair:1   | Found a runed translucent gate.
 16910 | Lair:1   | Found a runed translucent gate.
 16910 | Lair:1   | Noticed x1te's ghost (novice OgCj)
 18411 | Lair:2   | Found a hole to the Spider Nest.
 18433 | Lair:2   | Found a staircase to the Shoals.
 18641 | Lair:2   | Noticed a four-headed hydra
 18745 | Lair:2   | Reached skill level 5 in Shields
 18804 | Lair:2   | Killed a four-headed hydra
 18805 | Lair:2   | Reached skill level 10 in Spellcasting
 19968 | Lair:2   | Acquired the +6 buckler "Puozeaw" {rPois rN++ Str-3}
 20063 | Lair:3   | Reached XP level 12. HP: 104/104 MP: 19/26
 20490 | Lair:3   | You are sucked into a shaft and drop 2 floors!
 20490 | Lair:5   | Entered Level 5 of the Lair of Beasts
 20490 | Lair:5   | Noticed an eight-headed hydra
 20500 | Lair:5   | Killed an eight-headed hydra
 20501 | Lair:5   | Reached skill level 10 in Fighting
 20542 | Lair:4   | Noticed Snorg
 20722 | Lair:3   | Reached skill level 11 in Spellcasting
 20859 | Lair:3   | Noticed a seven-headed hydra
 20866 | Lair:3   | Killed a seven-headed hydra
 21330 | Lair:3   | Noticed an eight-headed hydra
 21336 | Lair:3   | Killed an eight-headed hydra
 21708 | Lair:4   | Reached skill level 12 in Spellcasting
 21747 | Lair:4   | Found a staircase to the Slime Pits.
 21855 | Lair:4   | Killed Snorg
 22102 | Lair:4   | Found a blossoming altar of Fedhas.
 22962 | Lair:5   | Reached XP level 13. HP: 61/113 MP: 3/29
 23844 | Lair:4   | Reached skill level 5 in Dodging
 25767 | Lair:1   | Killed x1te's ghost
 25880 | Orc:1    | Entered Level 1 of the Orcish Mines
 25980 | Orc:1    | Found Edeomminn's Weapon Shop.
 26346 | Orc:1    | Reached skill level 13 in Spellcasting
 26889 | Orc:2    | Entered Level 2 of the Orcish Mines
 26889 | Orc:2    | Found a staircase to the Elven Halls.
 26909 | Orc:2    | Found a flickering gateway to a bazaar.
 26919 | Bazaar   | Entered a bazaar
 27138 | Bazaar   | Found Fyrruitho's General Store.
 27154 | Bazaar   | Found Vetwath's Distillery.
 27154 | Bazaar   | Found Xaemonaw's Weapon Shoppe.
 27174 | Bazaar   | Found Zutusi's Weapon Emporium.
 27190 | Bazaar   | Found Tarris's Antique Weapon Emporium.
 27190 | Bazaar   | Found Utsues's Weapon Shoppe.
 27542 | Orc:2    | Noticed an ettin
 27550 | Orc:2    | Killed an ettin
 27828 | Orc:2    | Noticed an orc warlord
 27831 | Orc:2    | Gained mutation: Your tail ends in a venomous barb. [Green
                  | Draconian growth]
 27831 | Orc:2    | Reached XP level 14. HP: 121/121 MP: 17/31
 27844 | Orc:2    | Killed an orc warlord
 27849 | Orc:2    | Reached skill level 14 in Spellcasting
 28527 | Orc:2    | Found Itoz's General Store.
 28596 | Orc:2    | Found Caroz's Antique Weapon Shoppe.
 28670 | Orc:2    | Found Siefyng's Antique Armour Shoppe.
 28753 | Orc:2    | Found Nyolac's Jewellery Shoppe.
 28926 | Orc:2    | Bought the amulet of the Air {Inacc Air Fly rElec RMsl} for
                  | 488 gold pieces
 28926 | Orc:2    | Found the amulet of the Air {Inacc Air Fly rElec RMsl}
 28939 | Orc:2    | Learned a level 2 spell: Static Discharge
 28945 | Orc:2    | Learned a level 5 spell: Lightning Bolt
 29182 | D:11     | Reached skill level 1 in Air Magic
 29555 | D:12     | Identified the +9 spear "Heforhaf" {venom, Drain rElec
                  | rPois Will+}
 30090 | D:12     | Noticed Gastronok
 30098 | D:12     | Killed Gastronok
 30099 | D:12     | Reached skill level 5 in Air Magic
 30231 | D:12     | Found a glowing golden altar of the Shining One.
 30239 | D:12     | Noticed Frances
 30370 | D:12     | Killed Frances
 30887 | D:12     | Found a runed translucent gate.
 30887 | D:12     | Identified the +0 plate armour of the Date {Str+6}
 30887 | D:12     | Noticed Uvvog's ghost (journeyman GnNe)
 30888 | D:12     | Found a runed translucent gate.
 30888 | D:12     | Noticed Nergalle
 31004 | D:12     | Killed Nergalle
 31157 | D:12     | Found a runed translucent gate.
 32049 | D:12     | Acquired the +5 hat of Dikyacw {+Inv rN+++ Str-5 Dex-3}
 32083 | D:12     | Killed Uvvog's ghost
 32232 | D:12     | Identified the +1 hat of a Hundred Dreams {-Cast Rampage
                  | rPois Str+4}
 32317 | D:13     | Learned a level 4 spell: Airstrike
 33457 | D:14     | Reached XP level 15. HP: 121/126 MP: 11/33
 34181 | D:14     | Learned a level 4 spell: Summon Lightning Spire
 34187 | D:14     | Learned a level 5 spell: Iskenderun's Battlesphere
 34194 | D:14     | Learned a level 6 spell: Iron Shot
 34202 | D:14     | Learned a level 7 spell: Spellforged Servitor
 34388 | D:14     | Reached skill level 1 in Summonings
 34781 | D:14     | Reached skill level 10 in Conjurations
 34781 | D:14     | Reached skill level 10 in Air Magic
 35445 | D:14     | Found a gate to the Vaults.
 35763 | D:14     | Reached skill level 5 in Summonings
 37444 | D:15     | Entered Level 15 of the Dungeon
 38567 | D:15     | Found an opulent altar of Gozag.
 38568 | D:15     | Found a white marble altar of Elyvilon.
 38750 | D:15     | Found a glowing golden altar of the Shining One.
 39074 | D:15     | Paralysed by an ogre mage for 3 turns
 39601 | D:15     | Reached skill level 10 in Earth Magic
 39636 | D:15     | Reached XP level 16. HP: 129/134 MP: 2/34
 40777 | D:15     | Identified the +12 flail of Haet {protect, Dex+3}
 40802 | D:15     | Noticed a storm dragon
 40998 | D:15     | Noticed a tengu reaver
 41552 | D:15     | Found a staircase to the Depths.
 42376 | D:15     | Killed a storm dragon
 42386 | D:15     | Killed a tengu reaver
 43176 | D:15     | Learned a level 5 spell: Irradiate
 43323 | Orc:2    | Bought the ring "Giluog" {Drain Will+ rCorr Int+6 Slay+2}
                  | for 741 gold pieces
 43323 | Orc:2    | Bought the amulet of the Solemn Peach {Reflect Int+9 SH+5}
                  | for 726 gold pieces
 43362 | Orc:2    | Bought a jewelled trident for 280 gold pieces
 43362 | Orc:2    | Identified the +3 trident of Offence {spect, *Slow Fly
                  | rElec SInv} (You bought it in a shop on level 2 of the
                  | Orcish Mines)
 43503 | Shoals:1 | Entered Level 1 of the Shoals
 44350 | Shoals:2 | Noticed Jorgrun
 44360 | Shoals:1 | Noticed Nikola
 44366 | Shoals:1 | HP: 1/134 [merfolk javelineer/javelin (15)]
 44366 | Shoals:1 | Hit by a javelin thrown by a merfolk javelineer

Illustrated notes

Levels and vault maps discovered:
D:1:      wander_arrival_desolate, layout_basic, minmay_statues_item,
          lemuel_another_geyser
D:2:      layout_loops_ring, shapermc_ecumenical_altar_venn, serial_shops,
          nicolae_shop_hallway_stairs, basic_altar, serial_rivers,
          chequers_serial_rivers_micro_e, chequers_serial_rivers_room_a,
          chequers_serial_rivers_micro_b, chequers_serial_rivers_micro_c,
          chequers_serial_rivers_small_3, chequers_serial_rivers_small_3
D:3:      layout_basic, ebering_ghost_sewer_d, minmay_misc_feat_roman,
          bh_walls_and_bars
D:4:      layout_loops_ring, nicolae_yredelemnul_corpse_copse,
          kennysheep_generic_room_10, uniq_blork_the_orc, uniq_sigmund
D:5:      layout_loops_ring, ashenzari_conservatory_becter,
          beargit_hepliaklqana_dungeon_heroes, lemuel_coloured_pillars_altar,
          minmay_temple_entry_glassed_door
D:6:      layout_basic, nicolae_ru_path_of_blood, centaur_isle, uniq_maggie
D:7:      layout_loops_ring, gammafunk_ghost_gnarly_gnolls,
          minmay_chambers_of_fives
D:8:      layout_rooms, enter_bailey_5
D:9:      layout_gridville
D:10:     layout_long_grid
D:11:     layout_basic, lair_entry_dummy, erik_orc_3, serial_shops,
          nicolae_square_shop, kennysheep_mini, roderic_batcave
D:12:     layout_long_grid, biasface_ghost_orc_armoury, grunt_ministairs_15,
          hangedman_weighted_door, minmay_ruined_shrine, uniq_nergalle,
          uniq_gastronok, uniq_frances
D:13:     layout_basic, st_stairs_10
D:14:     minmay_isolated_rectangles_in_corner, layout_basic,
          hangedman_vaults_entry_quadrant_bands, minmay_misc_feat_columns,
          special_room [special_room_orc]
D:15:     hangedman_slaughterboxes
Temple:   minmay_crystal_spiral_temple
Lair:1:   layout_small_grid, ebering_ghost_rock_garden
Lair:2:   layout_cave_pods, shoals_dummy_entry,
          hellmonk_spider_entry_not_the_bees
Lair:3:   layout_gridlike, kennysheep_abandoned_house
Lair:4:   layout_hall_layers, slime_entry_1, basic_altar, uniq_snorg
Lair:5:   evilmike_catoblepas_cave, layout_cellular_growth,
          lightli_volcano_entry_magma_tube, chequers_serial_rivers_micro_b,
          kennysheep_basilisk_garden
Shoals:1: layout_shoals, nicolae_shoals_pincushion_passage, uniq_nikola
Shoals:2: layout_shoals, ebering_ghost_inner_flame, nicolae_shoals_raging_river,
          uniq_aizul, uniq_jorgrun
Orc:1:    layout_diamond_mine, basic_altar, serial_shops,
          nicolae_shop_bloodbath_and_beyond, guppyfry_library_mini
Orc:2:    grunt_orc_cross, layout_caves, serial_shops, bzr_in_the_mist

Skill      XL: |  1  2  3  4  5  6  7  8  9 10 11 12 13 14 15 16 |
---------------+-------------------------------------------------+-----
Spellcasting   | 3 4 5 8 10 12 13 14 | 14.5
Earth Magic    | 5 6 8 10 12 | 12.0
Conjurations   | 1 3 4 5 7 8 9 10 12 | 12.0
Transmutations | 5 6 8 9 |  9.5
Fighting       | 4 5 9 10 | 10.2
Shields        | 1 5 8 |  8.0
Dodging        | 3 8 |  8.0
Air Magic      | 9 10 | 10.0
Summonings     | 8 |  8.3
Stealth        | |  1.7

Action                   |  1- 3 |  4- 6 |  7- 9 | 10-12 | 13-15 | 16-18 || total
-------------------------+-------+-------+-------+-------+-------+-------++-------
Melee: Dagger            |    23 |     5 |    10 |       |       |       ||    38
       Tailslap          |     2 |       |    11 |    30 |    14 |     4 ||    61
       Short sword       |       |       |    39 |    35 |       |       ||    74
       Trident           |       |       |    37 |       |       |       ||    37
       Punch             |       |       |     1 |     1 |       |       ||     2
       Staff             |       |       |       |    95 |    55 |     2 ||   152
       Spear             |       |       |       |       |       |    26 ||    26
Throw: Dart              |       |       |       |     2 |       |     2 ||     4
 Cast: Sandblast         |    41 |    47 |    30 |       |       |       ||   118
       Stone Arrow       |       |    15 |   115 |   386 |   603 |    75 ||  1194
       Passwall          |       |       |     1 |     3 |     1 |       ||     5
       Petrify           |       |       |    13 |    20 |     5 |       ||    38
       Lightning Bolt    |       |       |       |       |    90 |    52 ||   142
       Static Discharge  |       |       |       |       |    98 |    34 ||   132
       Iskenderun's Batt |       |       |       |       |    24 |    25 ||    49
       Summon Lightning  |       |       |       |       |     7 |     4 ||    11
       Irradiate         |       |       |       |       |       |     4 ||     4
       Spellforged Servi |       |       |       |       |       |     3 ||     3
       Iron Shot         |       |       |       |       |       |     1 ||     1
Invok: Call Merchant     |       |       |       |       |     5 |       ||     5
 Abil: Breathe Noxious F |       |       |    11 |    12 |    11 |     1 ||    35
Evoke: Wand              |       |     3 |     3 |    13 |    15 |       ||    34
       Tin of tremorston |       |       |       |       |     2 |     2 ||     4
       Condenser vane    |       |       |       |       |     2 |     1 ||     3
  Use: Scroll            |       |       |    11 |    14 |    12 |     8 ||    45
       Potion            |       |       |     2 |       |     5 |     3 ||    10
 Stab: Sleeping          |     1 |       |       |       |       |       ||     1
       Confused          |       |       |     3 |     2 |     2 |       ||     7
       Petrified         |       |       |    28 |    21 |       |       ||    49
       Distracted        |       |       |       |     1 |     2 |       ||     3
Armor: Skin              |    19 |    14 |    38 |   119 |   171 |    63 ||   424
Dodge: Dodged            |    24 |    22 |    63 |   156 |   246 |    89 ||   600
       Repelled          |       |       |       |       |     4 |     8 ||    12
Block: Buckler           |       |       |       |   121 |   261 |    89 ||   471
       Reflection        |       |       |       |       |       |    10 ||    10
